 Dungeon Crawl Stone Soup version 0.18-a0-1788-g92de1ac (webtiles) character file.

3559 namelastname112 the Martial Artist (level 9, -2/74 HPs)
             Began as a Yellow Draconian Transmuter on Apr 19, 2016.
             Was a Follower of Ru.
             Slain by a killer bee (4 damage)
             ... on level 8 of the Dungeon.
             The game lasted 00:11:43 (9036 turns).

namelastname112 the Martial Artist (DrTm)           Turns: 9036, Time: 00:11:44

Health: -2/74      AC:  2    Str: 13    XL:     9   Next: 83%
Magic:  12/12      EV: 24    Int: 13    God:    Ru [*.....]
Gold:   335        SH:  0    Dex: 20    Spells: 3 memorised, 6 levels left

rFire  . . .     SeeInvis +       - Unarmed
rCold  . . .     Gourm    .     (armour unavailable)
rNeg   . . .     Faith    .     (shield currently unavailable)
rPois  x         Spirit   .     (helmet currently unavailable)
rElec  .         Dismiss  .     (cloak currently unavailable)
rCorr  .         Reflect  .     (gloves currently unavailable)
SustAt .         Harm     .     (boots currently unavailable)
MR     .....                    D - amulet of magic regeneration
Stlth  ++........               (no ring)
                                n - ring of see invisible

@: lethally poisoned (-2 -> -22), spider-form (expiring), no potions, not
resistant to hostile enchantments, unstealthy
A: (spit acid), (acid resistance), unfitting armour, (cold-blooded), inability
to drink while threatened, AC +7
a: End Transformation, Renounce Religion


You were on level 8 of the Dungeon.
You worshipped Ru.
Ru was aware of your devotion.
You were not hungry.
You were a venomous arachnid creature.
You visited 2 branches of the dungeon, and saw 9 of its levels.
You also visited: Sewer.

You collected 335 gold pieces.

Inventory:

Hand Weapons
 s - a +0 blowgun
Missiles
 a - 114 arrows
 t - 2 curare-tipped needles
Armour
 f - a +0 cloak (melded)
 C - a +0 pair of boots (melded)
Jewellery
 n - a ring of see invisible (left front leg)
 D - an amulet of magic regeneration (around neck)
Scrolls
 e - 5 scrolls of teleportation {unknown}
 g - a scroll of noise {unknown}
 k - a scroll of random uselessness {unknown}
 l - 3 scrolls of amnesia {unknown}
 m - 6 scrolls of remove curse {unknown}
 p - 3 scrolls of enchant armour {unknown}
 r - 2 scrolls of fear {unknown}
 w - 4 scrolls of fog {unknown}
 y - a scroll of recharging {unknown}
 B - 2 scrolls of identify
Potions
 h - 3 potions of cure mutation
 i - a potion of haste {unknown}
 j - 9 potions of curing {unknown}
 o - 6 potions of brilliance {unknown}
 q - 6 potions of heal wounds {unknown}
 u - 4 potions of agility
 v - a potion of might
 z - 3 potions of flight {unknown}
 F - a potion of berserk rage {unknown}
Books
 b - a book of Changes

   Spells                             Type                      Level
   a - Beastly Appendage              Transmutation                1
   b - Sticks to Snakes               Transmutation                2
   c - Spider Form                    Transmutation/Poison         3
   d - Ice Form                       Ice/Transmutation            4
   e - Blade Hands                    Transmutation                5
Comestibles
 c - 6 bread rations
 d - 2 meat rations
 x - a fruit
 A - 8 beef jerkies
 E - a chunk of flesh


   Skills:
 + Level 5.5 Fighting
 + Level 4.8 Dodging
 * Level 10.5 Unarmed Combat
 - Level 2.0 Spellcasting
 + Level 7.1 Transmutations


You had 6 spell levels left.
You knew the following spells:

 Your Spells              Type           Power        Failure   Level  Hunger
a - Beastly Appendage     Trmt           ###...       6%          1    ##.....
c - Sticks to Snakes      Trmt           ###.....     8%          2    ###....
x - Spider Form           Trmt/Pois      ##........   36%         3    ####...


Dungeon Overview and Level Annotations

Branches:
Dungeon (8/15)             Temple (1/1) D:5
   Lair: D:8-11

Altars:
Cheibriados
Dithmenos
Gozag
Kikubaaqudgha
Okawaru
Pakellas
Ru
Trog
Vehumet
Xom
Yredelemnul
The Shining One

Shops:
D:6 %%=


Innate Abilities, Weirdness & Mutations

((You can spit globs of acid.))
((You are resistant to acid.))
((Your golden yellow scales are hard (AC +7).))
Your body does not fit into most forms of armour.
((You are cold-blooded and may be slowed by cold attacks.))
You cannot drink potions while threatened.


Message History

* * * LOW HITPOINT WARNING * * *
The hippogriff closely misses you. The killer bee completely misses you.
You take 3 damage, and have 8/74 hp.
You cannot drink potions in your current state!
Unknown command.
Okay, then.
You can't do that in your present form.
Unknown command.
You aren't carrying any items that you can evoke.
* * * LOW HITPOINT WARNING * * *
You feel very sick. The killer bee barely misses you.
You take 3 damage, and have 5/74 hp.
* * * LOW HITPOINT WARNING * * *
You feel sick. The killer bee completely misses you.
You take 2 damage, and have 3/74 hp.
A water moccasin comes into view.
* * * LOW HITPOINT WARNING * * *
You feel sick. The killer bee stings you.
You die...

#...#.....#
#####.....#......S.#
....+.....#........#
....#.....#........#
....#.....#........#
....'.....#........+..........
#####.....#........#.........
..........#........#........#
..........######s..#........#
...............#yH.#........#
...............#...#........#
...............#...#........#
...............#...#..y.....#
...............#..†#........#
.....#####.....###'#........#
..... #..................#
##### .......................


You could see a hippogriff, a water moccasin (sleeping) and a killer bee.

Vanquished Creatures
  Sigmund (D:6)
  Edmund (D:6)
  2 water moccasins
  A sky beast (D:7)
  An orc warrior (D:7)
  An ice beast (D:6)
  2 ogres
  2 black bears (D:6)
  The ghost of namelastname112 the Ruffian, an amateur DrTm (D:3)
  A centaur (D:5)
  2 big kobolds (Sewer)
  3 giant frogs
  3 scorpions
  3 killer bees (D:8)
  8 wights (D:7)
  A centaur zombie (D:6)
  9 crimson imps
  3 hounds
  An orc priest (D:3)
  5 orc wizards
  A wasp zombie (D:7)
  2 centaur skeletons (D:6)
  An iguana (D:4)
  9 worker ants
  4 gnolls
  8 river rats (Sewer)
  14 adders
  An adder skeleton (D:5)
  2 worms (D:2)
  A dart slug (D:4)
  8 giant geckos
  19 orcs
  5 giant cockroaches
  8 goblins
  6 hobgoblins
  7 jackals (D:5)
  5 quokkas
  9 ball pythons
  6 bats
  A giant gecko skeleton (D:8)
  A giant gecko zombie (D:6)
  4 giant newts
  24 kobolds
  A quokka zombie (D:7)
  23 rats
221 creatures vanquished.

Vanquished Creatures (collateral kills)
  A river rat (Sewer)
  2 orcs (D:4)
  A ball python (Sewer)
4 creatures vanquished.

Vanquished Creatures (others)
  A plant (D:5)
1 creature vanquished.

Grand Total: 226 creatures vanquished

Notes
Turn   | Place    | Note
--------------------------------------------------------------
     0 | D:1      | namelastname112 the Draconian Transmuter began the quest for the Orb.
     0 | D:1      | Reached XP level 1. HP: 16/16 MP: 3/3
   135 | D:1      | Reached XP level 2. HP: 21/23 MP: 5/5
   144 | D:1      | Learned a level 2 spell: Sticks to Snakes
   592 | D:1      | Found a glowing golden altar of the Shining One.
   704 | D:1      | Reached skill level 4 in Unarmed Combat
   728 | D:1      | Reached XP level 3. HP: 27/28 MP: 6/6
   740 | D:1      | Learned a level 3 spell: Spider Form
  1090 | D:2      | Found a faded altar to an unknown god.
  1398 | D:2      | Reached XP level 4. HP: 22/35 MP: 7/7
  1961 | D:3      | Found an oddly glowing altar of Pakellas.
  1965 | D:3      | Found a snail-covered altar of Cheibriados.
  1991 | D:3      | Noticed namelastname112's ghost (amateur DrTm)
  2073 | D:3      | Found a glowing drain.
  2093 | Sewer    | Entered a sewer
  2609 | Sewer    | Noticed a big kobold
  2685 | Sewer    | Killed a big kobold
  2685 | Sewer    | Reached skill level 5 in Unarmed Combat
  2685 | Sewer    | Reached XP level 5. HP: 10/40 MP: 2/8
  2685 | Sewer    | HP: 2/40 [kobold/enchanted short sword (8)]
  3472 | Sewer    | crauler: ололоева таки грохнули
  3476 | Sewer    | namelastname112: лол
  3476 | Sewer    | crauler: в дисе слишком много живых
  3476 | Sewer    | namelastname112: где и кто?
  3476 | Sewer    | crauler: он был последним
  3476 | Sewer    | namelastname112: f
  3476 | Sewer    | namelastname112: а
  3476 | Sewer    | namelastname112: гиганты
  3476 | Sewer    | namelastname112: и прочии гаргульи
  3476 | Sewer    | crauler: не они добили
  3544 | Sewer    | crauler: но они сыграли важную роль
  3583 | Sewer    | Reached XP level 6. HP: 27/47 MP: 9/9
  3749 | Sewer    | Reached skill level 6 in Unarmed Combat
  3927 | D:3      | Killed namelastname112's ghost
  4173 | D:3      | crauler: статуя для бедных
  4490 | D:3      | namelastname112: лигниф кстати по идее больнее статуи бьет
  4619 | D:3      | Found a glowing golden altar of the Shining One.
  4619 | D:3      | Found an ancient bone altar of Kikubaaqudgha.
  4703 | D:4      | Your scales start taking on a golden yellow colour.
  4703 | D:4      | Reached XP level 7. HP: 37/52 MP: 5/10
  4704 | D:4      | Reached skill level 7 in Unarmed Combat
  5307 | D:4      | crauler: >runed large shield
  5329 | D:4      | crauler: >d2
  5331 | D:4      | crauler: >oka
  5469 | D:4      | Reached skill level 5 in Transmutations
  5548 | D:4      | crauler: а оставлю ка я кику на лейт
  5575 | D:4      | namelastname112: лол блять
  6005 | D:5      | Entered Level 5 of the Dungeon
  6005 | D:5      | Found a staircase to the Ecumenical Temple.
  6016 | Temple   | Entered the Ecumenical Temple
  6039 | Temple   | Became a worshipper of Ru the Awakened
  6163 | D:5      | Reached skill level 8 in Unarmed Combat
  6163 | D:5      | Reached XP level 8. HP: 48/61 MP: 11/11
  7054 | D:6      | Gained mutation: You cannot drink potions while threatened. [Ru sacrifice]
  7054 | D:6      | Reached * piety under Ru
  7058 | D:6      | Found Nivo's Food Shoppe.
  7092 | D:6      | Found Niyficwi's Food Boutique.
  7153 | D:6      | Found Nud Dovo's Jewellery Shoppe.
  7335 | D:6      | Noticed Sigmund
  7343 | D:6      | Killed Sigmund
  7343 | D:6      | Reached skill level 9 in Unarmed Combat
  7469 | D:6      | Noticed Edmund
  7496 | D:6      | Reached XP level 9. HP: 57/71 MP: 8/12
  7509 | D:6      | Killed Edmund
  8170 | D:7      | Reached skill level 10 in Unarmed Combat
  8505 | D:7      | Reached skill level 5 in Fighting
  9035 | D:8      | HP: 3/74 [poisoned by a killer bee]
  9036 | D:8      | Slain by a killer bee

Vault maps used:
D:1:      evilmike_arrival_crescent, tso_metal_star
D:2:      ecumenical_altar_2
D:3:      gammafunk_temple_overflow_wave, minitemple, gup_sewer_entry_glass,
          first_bread
D:5:      minmay_temple_entry_overgrown, saegor_snake_ambush
D:6:      serial_shops, shop, shop, shop, st_stairs_14,
          kennysheep_generic_room_6, uniq_edmund, uniq_sigmund
D:7:      grunt_ogre_cave, st_stairs_11, eino_tiny_chamber
Temple:   circular_temple_12
Sewer:    sewer_minmay_treatment

Skill      XL: |  1  2  3  4  5  6  7  8  9 |
---------------+----------------------------+-----
Unarmed Combat | 4 5 6 8 9 10 | 10.5
Transmutations | 3 4 5 6 7 |  7.1
Dodging        | 2 3 4 |  4.8
Fighting       | 4 5 |  5.5
Spellcasting   | |  2.0

Action                   |  1- 3 |  4- 6 |  7- 9 || total
-------------------------+-------+-------+-------++-------
Melee: Unarmed           |   142 |   242 |   595 ||   979
       Tailslap          |    12 |     8 |    55 ||    75
       Punch             |       |     6 |    25 ||    31
 Cast: Spider Form       |       |     7 |    10 ||    17
       Sticks to Snakes  |       |     2 |     3 ||     5
Invok: Sacrifice Drink   |       |       |     1 ||     1
 Abil: Spit Acid         |       |       |     1 ||     1
  Use: Scroll            |       |     4 |     1 ||     5
       Potion            |       |     1 |       ||     1
 Stab: Sleeping          |       |       |     4 ||     4
  Eat: Chunk             |     1 |     4 |    16 ||    21
       Meat ration       |       |     1 |       ||     1
       Bread ration      |       |     1 |       ||     1
Armor: Skin              |    42 |   159 |   160 ||   361
Dodge: Dodged            |   113 |   227 |   412 ||   752
